PA
COLUMBIA RIVER RATS @ GALESBURG GUZZLERS
07/12/2032
 
TOP OF THE 1ST
Columbia River Rats batting - Pitching for Galesburg Guzzlers : LHP Robby Oglethorpe
Pitching: LHP Robby Oglethorpe
Batting: RHB David Austin 0-0: Ball
1-0: Called Strike
1-1: Foul Ball, location: 2F
1-2: Ball
2-2: Foul Ball, location: 2F
2-2: SINGLE (Groundball, 6MD)
Batting: RHB Ken Moore 0-0: Called Strike
0-1: Called Strike
0-2: Ball
1-2: Strikes out swinging
Batting: RHB Petri Kallio 0-0: Foul Ball, location: 2F
0-1: Ball
1-1: Ball
2-1: SINGLE (Line Drive, 6MD)
David Austin to second
Batting: RHB Zi-cheng Sun 0-0: Ball
David Austin steals 3rd base
Petri Kallio to second
1-0: SINGLE (Groundball, 6D)
David Austin scores
Petri Kallio to third
Runner from 3rd tries for Home, SAFE, throw made home
Batting: LHB Félix Calixto 0-0: Swinging Strike
0-1: Ball
1-1: Ball
2-1: Foul Ball, location: 2F
2-2: Ball
3-2: SINGLE (Line Drive, 8LS)
Zi-cheng Sun to second
Batting: LHB DeMarvion Overshown 0-0: Ball
1-0: Ball
2-0: Foul Ball, location: 2F
2-1: Ball
3-1: SINGLE (Line Drive, 4MD)
Zi-cheng Sun to third
Félix Calixto to second
Batting: LHB Landon Harryman 0-0: Foul Ball, location: 2F
0-1: Ball
1-1: Foul Ball, location: 2F
1-2: Fly out, F8 (Flyball, 8LM)
Runner from 3rd tags up, SCORES, throw made
Batting: RHB Javier Cordero 0-0: Ball
1-0: Ball
2-0: Foul Ball, location: 2F
2-1: Ball
3-1: Fly out, F8 (Flyball, 89S)
Top of the 1st over - 3 runs, 5 hits, 0 errors, 2 left on base; Columbia 3 - Galesburg 0
BOTTOM OF THE 1ST
Galesburg Guzzlers batting - Pitching for Columbia River Rats : RHP José Marín
Pitching: RHP José Marín
Batting: RHB Don Pokorski 0-0: Swinging Strike
0-1: Foul Ball, location: 2F
0-2: Ball
1-2: Foul Ball, location: 2F
1-2: Strikes out swinging
Batting: RHB Lev Migranov 0-0: Called Strike
0-1: Ball
1-1: Ball
2-1: Foul Ball, location: 2F
2-2: Ground out 4-3 (Groundball, 4MD)
Batting: RHB Blaze Alexander 0-0: Ball
1-0: Swinging Strike
1-1: Called Strike
1-2: Strikes out swinging
Bottom of the 1st over - 0 runs, 0 hits, 0 errors, 0 left on base; Columbia 3 - Galesburg 0
TOP OF THE 2ND
Columbia River Rats batting - Pitching for Galesburg Guzzlers : LHP Robby Oglethorpe
Batting: RHB José Lorenzo 0-0: Called Strike
0-1: Foul Ball, location: 2F
0-2: Ball
1-2: Strikes out swinging
Batting: RHB David Austin 0-0: Ball
1-0: Ball
2-0: SINGLE (Groundball, 6MD)
Batting: RHB Ken Moore 0-0: SINGLE (Line Drive, 7S)
David Austin to second
Runner from 2nd tries for 3rd, SAFE, no throw
Batting: RHB Petri Kallio 0-0: Swinging Strike
0-1: Ball
1-1: Ball
2-1: Ball
3-1: Called Strike
3-2: Base on Balls
Ken Moore to second
Batting: RHB Zi-cheng Sun 0-0: Called Strike
0-1: Ball
1-1: Ball
2-1: Swinging Strike
2-2: Fly out, F9 (Flyball, 9S)
Batting: LHB Félix Calixto 0-0: Fly out, F7 (Flyball, 78D)
Top of the 2nd over - 0 runs, 2 hits, 0 errors, 3 left on base; Columbia 3 - Galesburg 0
BOTTOM OF THE 2ND
Galesburg Guzzlers batting - Pitching for Columbia River Rats : RHP José Marín
Batting: RHB Bastiaan Pieterse 0-0: Ball
1-0: Foul Ball, location: 2F
1-1: SINGLE (Line Drive, 9)
Batting: LHB Henk van Aardschot 0-0: Called Strike
0-1: Swinging Strike
0-2: Ball
1-2: Ball
2-2: Foul Ball, location: 2F
2-2: Strikes out looking
Batting: RHB Fook Zhŕo 0-0: Ball
1-0: Foul Ball, location: 2F
1-1: Foul Ball, location: 2F
1-2: DOUBLE (Flyball, 8RXD)
Bastiaan Pieterse to third
Batting: LHB Jared Swanson 0-0: DOUBLE (Flyball, 78D)
Bastiaan Pieterse scores
Fook Zhŕo scores
Batting: RHB Karl Wade 0-0: Ball
1-0: Ball
2-0: Called Strike
2-1: Foul Ball, location: 2F
2-2: Ball
3-2: Fly out, F9 (Flyball, 9D)
Runner from 2nd tags up, SAFE at 3rd, no throw
Batting: RHB Manny Diéguez 0-0: Fly out, F9 (Flyball, 9LSF)
Bottom of the 2nd over - 2 runs, 3 hits, 0 errors, 1 left on base; Columbia 3 - Galesburg 2
TOP OF THE 3RD
Columbia River Rats batting - Pitching for Galesburg Guzzlers : LHP Robby Oglethorpe
Batting: LHB DeMarvion Overshown 0-0: Ball
1-0: Ball
2-0: Foul Ball, location: 2F
2-1: Swinging Strike
2-2: Ball
3-2: Ground out U3 (Groundball, 3)
Batting: LHB Landon Harryman 0-0: Ball
1-0: Ball
2-0: Called Strike
2-1: Ball
3-1: Swinging Strike
3-2: Strikes out swinging
Batting: RHB Javier Cordero 0-0: Ball
1-0: Called Strike
1-1: Foul Ball, location: 2F
1-2: Ball
2-2: Fly out, F5 (Line Drive, 5S)
Top of the 3rd over - 0 runs, 0 hits, 0 errors, 0 left on base; Columbia 3 - Galesburg 2
BOTTOM OF THE 3RD
Galesburg Guzzlers batting - Pitching for Columbia River Rats : RHP José Marín
Batting: RHB Don Pokorski 0-0: Called Strike
0-1: Foul Ball, location: 2F
0-2: Strikes out swinging, 2-3 out at first.
Batting: RHB Lev Migranov 0-0: Foul Ball, location: 2F
0-1: Foul Ball, location: 2F
0-2: Foul Ball, location: 2F
0-2: Foul Ball, location: 2F
0-2: Strikes out swinging
Batting: RHB Blaze Alexander 0-0: Ball
1-0: Ball
2-0: Foul Ball, location: 2F
2-1: SINGLE (Line Drive, 4MD)
Batting: RHB Bastiaan Pieterse 0-0: Ball
1-0: Ball
2-0: Ball
3-0: Base on Balls
Blaze Alexander to second
Batting: LHB Henk van Aardschot 0-0: Ball
1-0: Ball
2-0: Called Strike
2-1: Called Strike
2-2: Strikes out swinging
Bottom of the 3rd over - 0 runs, 1 hit, 0 errors, 2 left on base; Columbia 3 - Galesburg 2
TOP OF THE 4TH
Columbia River Rats batting - Pitching for Galesburg Guzzlers : LHP Robby Oglethorpe
Batting: RHB José Lorenzo 0-0: Ball
1-0: Ball
2-0: Foul Ball, location: 2F
2-1: Called Strike
2-2: Strikes out swinging
Batting: RHB David Austin 0-0: Fly out, F7 (Flyball, 7)
Batting: RHB Ken Moore 0-0: Foul Ball, location: 2F
0-1: Fly out, F8 (Flyball, 78M)
Top of the 4th over - 0 runs, 0 hits, 0 errors, 0 left on base; Columbia 3 - Galesburg 2
BOTTOM OF THE 4TH
Galesburg Guzzlers batting - Pitching for Columbia River Rats : RHP José Marín
Batting: RHB Fook Zhŕo 0-0: Swinging Strike
0-1: Ball
1-1: Ball
2-1: Foul Ball, location: 2F
2-2: Ball
3-2: Foul Ball, location: 2F
3-2: Strikes out looking
Batting: LHB Jared Swanson 0-0: Ball
1-0: Ball
2-0: Fly out, F4 (Line Drive, 4)
Batting: RHB Karl Wade 0-0: Called Strike
0-1: Foul Ball, location: 2F
0-2: Ball
1-2: Ball
2-2: Foul Ball, location: 2F
2-2: Ball
3-2: Foul Ball, location: 2F
3-2: SINGLE (Line Drive, 9S)
Batting: RHB Manny Diéguez 0-0: Fly out, F9 (Flyball, 89D)
Bottom of the 4th over - 0 runs, 1 hit, 0 errors, 1 left on base; Columbia 3 - Galesburg 2
TOP OF THE 5TH
Columbia River Rats batting - Pitching for Galesburg Guzzlers : LHP Robby Oglethorpe
Batting: RHB Petri Kallio 0-0: Called Strike
0-1: Foul Ball, location: 2F
0-2: Strikes out swinging, 2-3 out at first.
Batting: RHB Zi-cheng Sun 0-0: Called Strike
0-1: Ball
1-1: Ball
2-1: Ball
3-1: Base on Balls
Batting: LHB Félix Calixto 0-0: Grounds into double play, 4-6-3 (Groundball, 4)
Top of the 5th over - 0 runs, 0 hits, 0 errors, 0 left on base; Columbia 3 - Galesburg 2
BOTTOM OF THE 5TH
Galesburg Guzzlers batting - Pitching for Columbia River Rats : RHP José Marín
Batting: RHB Don Pokorski 0-0: Called Strike
0-1: Swinging Strike
0-2: TRIPLE (Flyball, 89XD)
Batting: RHB Lev Migranov 0-0: Foul Ball, location: 2F
0-1: Ball
1-1: Foul Ball, location: 2F
1-2: Ball
Error on foul ball, E2
2-2: Foul Ball, location: 2F
2-2: Ball
3-2: Fly out, F7 (Flyball, 7LSF)
Runner from 3rd tags up, SCORES, no throw
Now in LF: Ximena Ortíz
Batting: RHB Blaze Alexander 0-0: Swinging Strike
0-1: Called Strike
0-2: Strikes out swinging
Batting: RHB Bastiaan Pieterse 0-0: Ball
1-0: Foul Ball, location: 2F
1-1: Fly out, F9 (Flyball, 9S)
Bottom of the 5th over - 1 run, 1 hit, 1 error, 0 left on base; Columbia 3 - Galesburg 3
TOP OF THE 6TH
Columbia River Rats batting - Pitching for Galesburg Guzzlers : LHP Robby Oglethorpe
Pitching: RHP Ricardo Pérez
Batting: LHB DeMarvion Overshown 0-0: Ball
1-0: Foul Ball, location: 2F
1-1: Foul Ball, location: 2F
1-2: Fly out, F8 (Flyball, 89S)
Batting: RHB Ximena Ortíz 0-0: Ball
1-0: Ball
2-0: Ball
3-0: Base on Balls
Batting: RHB Javier Cordero 0-0: Ball
1-0: Ball
2-0: Called Strike
2-1: Swinging Strike
2-2: Foul Ball, location: 2F
2-2: Strikes out swinging
Batting: RHB José Lorenzo 0-0: Ball
1-0: Foul Ball, location: 2F
1-1: Foul Ball, location: 2F
1-2: Ball
2-2: Ball
3-2: Fly out, F9 (Flyball, 9S)
Top of the 6th over - 0 runs, 0 hits, 0 errors, 1 left on base; Columbia 3 - Galesburg 3
BOTTOM OF THE 6TH
Galesburg Guzzlers batting - Pitching for Columbia River Rats : RHP José Marín
Batting: LHB Henk van Aardschot 0-0: Foul Ball, location: 2F
0-1: Ball
1-1: Ground out 1-3 (Groundball, 13)
Batting: RHB Fook Zhŕo 0-0: Ball
1-0: Swinging Strike
1-1: Swinging Strike
1-2: Foul Ball, location: 2F
1-2: Foul Ball, location: 2F
1-2: Ball
2-2: Ball
3-2: Foul Ball, location: 2F
3-2: Base on Balls
Pitching: RHP Manuel Medranda
Batting: LHB Jared Swanson 0-0: Fly out, F7 (Flyball, 7LSF)
Batting: RHB Karl Wade 0-0: Called Strike
0-1: Foul Ball, location: 2F
0-2: SINGLE (Line Drive, 9LS)
Fook Zhŕo to second
Batting: RHB Manny Diéguez 0-0: Fly out, F9 (Flyball, 9S)
Bottom of the 6th over - 0 runs, 1 hit, 0 errors, 2 left on base; Columbia 3 - Galesburg 3
TOP OF THE 7TH
Columbia River Rats batting - Pitching for Galesburg Guzzlers : RHP Ricardo Pérez
Batting: RHB David Austin 0-0: Foul Ball, location: 2F
0-1: Called Strike
0-2: Strikes out swinging
Batting: RHB Ken Moore 0-0: Swinging Strike
0-1: Ball
1-1: Foul Ball, location: 2F
1-2: Ball
2-2: Strikes out swinging wild pitch, reaches first!
Batting: RHB Petri Kallio 0-0: Ball
1-0: Foul Ball, location: 2F
1-1: Ball
2-1: Foul Ball, location: 2F
2-2: Fly out, F9 (Flyball, 9D)
Runner from 1st tags up, SAFE at 2nd
Batting: RHB Zi-cheng Sun 0-0: Called Strike
0-1: Foul Ball, location: 2F
0-2: Foul Ball, location: 2F
0-2: Ball
1-2: Ground out 4-3 (Groundball, 4S)
Top of the 7th over - 0 runs, 0 hits, 0 errors, 1 left on base; Columbia 3 - Galesburg 3
BOTTOM OF THE 7TH
Galesburg Guzzlers batting - Pitching for Columbia River Rats : RHP Manuel Medranda
Batting: RHB Don Pokorski 0-0: Ball
1-0: Ball
2-0: Swinging Strike
2-1: Ball
3-1: Foul Ball, location: 2F
3-2: Foul Ball, location: 2F
3-2: Foul Ball, location: 2F
3-2: Base on Balls
Batting: RHB Lev Migranov 0-0: Ball
1-0: Ball
2-0: Ball
3-0: Called Strike
3-1: Foul Ball, location: 2F
3-2: Base on Balls
Don Pokorski to second
Batting: RHB Blaze Alexander 0-0: Ball
1-0: Foul Ball, location: 2F
1-1: Ball
2-1: Ball
3-1: Base on Balls
Don Pokorski to third
Lev Migranov to second
Batting: RHB Bastiaan Pieterse 0-0: Ball
1-0: Fly out, F5 (Popup, 25F)
Batting: LHB Henk van Aardschot 0-0: Called Strike
0-1: Ball
1-1: SINGLE (Groundball, 4D)
Don Pokorski scores
Lev Migranov to third
Blaze Alexander to second
Runner from 3rd tries for Home, SAFE, no throw
Batting: RHB Fook Zhŕo 0-0: Foul Ball, location: 2F
0-1: Called Strike
0-2: Ball
1-2: Foul Ball, location: 2F
1-2: Ball
2-2: Foul Ball, location: 2F
2-2: Ball
3-2: SINGLE (Groundball, 6MD)
Blaze Alexander to third
Henk van Aardschot to second
Runner from 3rd tries for Home, SAFE, no throw
Pitching: LHP Travis Watson
Batting: LHB Jared Swanson 0-0: Called Strike
0-1: Called Strike
0-2: Foul Ball, location: 2F
0-2: Foul Ball, location: 2F
0-2: Strikes out looking
Batting: RHB Karl Wade 0-0: Called Strike
0-1: Ball
1-1: Called Strike
1-2: Fly out, F9 (Line Drive, 9S)
Bottom of the 7th over - 3 runs, 2 hits, 0 errors, 2 left on base; Columbia 3 - Galesburg 6
TOP OF THE 8TH
Columbia River Rats batting - Pitching for Galesburg Guzzlers : RHP Ricardo Pérez
Batting: LHB Félix Calixto 0-0: Called Strike
0-1: Called Strike
0-2: Strikes out looking
Batting: LHB DeMarvion Overshown 0-0: SINGLE (Groundball, 4MD)
Batting: RHB Ximena Ortíz 0-0: Foul Ball, location: 2F
0-1: Foul Ball, location: 2F
0-2: Ball
1-2: Ball
2-2: Strikes out swinging
Batting: RHB Javier Cordero 0-0: Called Strike
0-1: Ball
1-1: Foul Ball, location: 2F
1-2: Foul Ball, location: 2F
1-2: Strikes out looking
Top of the 8th over - 0 runs, 1 hit, 0 errors, 1 left on base; Columbia 3 - Galesburg 6
BOTTOM OF THE 8TH
Galesburg Guzzlers batting - Pitching for Columbia River Rats : LHP Travis Watson
Batting: RHB Manny Diéguez 0-0: Ground out 1-3 (Groundball, 13)
Batting: RHB Don Pokorski 0-0: Ball
1-0: SINGLE (Line Drive, 89S)
Batting: RHB Lev Migranov 0-0: Ball
1-0: Swinging Strike
1-1: Foul Ball, location: 2F
1-2: Ball
2-2: Foul Ball, location: 2F
2-2: Ball
3-2: Fly out, F4 (Line Drive, 4M)
Batting: RHB Blaze Alexander 0-0: Ball
Don Pokorski is caught stealing 2nd base
Bottom of the 8th over - 0 runs, 1 hit, 0 errors, 0 left on base; Columbia 3 - Galesburg 6
TOP OF THE 9TH
Columbia River Rats batting - Pitching for Galesburg Guzzlers : RHP Ricardo Pérez
Pitching: RHP Mark Zaugg
Batting: RHB José Lorenzo 0-0: Foul Ball, location: 2F
0-1: Ground out 5-3 (Groundball, 56)
Batting: RHB David Austin 0-0: Swinging Strike
0-1: SINGLE (Line Drive, 9S)
Pitching: LHP Steve Wortley
Batting: RHB Ken Moore 0-0: Ball
1-0: Ball
2-0: Ball
3-0: Called Strike
3-1: Base on Balls
David Austin to second
Batting: RHB Petri Kallio 0-0: Foul Ball, location: 2F
0-1: 3-RUN HOME RUN (Flyball, 9LD), Distance : 338 ft
Pitching: RHP Miguel Padilla
Batting: RHB Zi-cheng Sun 0-0: Ball
1-0: Hit by Pitch, AND HE CHARGES THE MOUND! The benches clear!
Pitching: LHP Pedro Merced
Pinch Runner at 1st Cullen Thompson:
Batting: LHB Félix Calixto 0-0: Ball
1-0: Called Strike
1-1: Foul Ball, location: 2F
1-2: Ball
2-2: Ball
3-2: Foul Ball, location: 2F
3-2: Base on Balls
Cullen Thompson to second
Batting: LHB DeMarvion Overshown 0-0: Ball
1-0: Called Strike
1-1: Grounds into double play, 3-6-3 (Groundball, 3)
Top of the 9th over - 3 runs, 2 hits, 0 errors, 1 left on base; Columbia 6 - Galesburg 6
BOTTOM OF THE 9TH
Galesburg Guzzlers batting - Pitching for Columbia River Rats : LHP Travis Watson
Batting: RHB Blaze Alexander 0-0: Ball
1-0: Foul Ball, location: 2F
1-1: Ball
2-1: Fly out, F8 (Flyball, 8RD)
Batting: RHB Bastiaan Pieterse 0-0: Called Strike
0-1: Ground out 4-3 (Groundball, 4)
Pinch Hitting: RHB Gianni Martin 0-0: Ball
1-0: Ball
2-0: Called Strike
2-1: Ball
3-1: Base on Balls
Batting: RHB Fook Zhŕo 0-0: Called Strike
0-1: Ball
1-1: Ball
2-1: Ball
3-1: Foul Ball, location: 2F
3-2: Foul Ball, location: 2F
3-2: Foul Ball, location: 2F
3-2: Fly out, F9 (Flyball, 9S)
Bottom of the 9th over - 0 runs, 0 hits, 0 errors, 1 left on base; Columbia 6 - Galesburg 6
TOP OF THE 10TH
Columbia River Rats batting - Pitching for Galesburg Guzzlers : LHP Pedro Merced
Now at SS: Jack Stidston
Batting: RHB Ximena Ortíz 0-0: Foul Ball, location: 2F
0-1: SINGLE (Line Drive, 5)
Batting: RHB Javier Cordero 0-0: Bunted foul
0-1: Called Strike
0-2: Fly out, F4 (Popup, 34)
Batting: RHB José Lorenzo 0-0: Foul Ball, location: 2F
0-1: Ball
1-1: Swinging Strike
1-2: Ball
2-2: Strikes out looking
Batting: RHB David Austin 0-0: Ball
1-0: Ball
2-0: Ball
3-0: Called Strike
3-1: Foul Ball, location: 2F
3-2: SINGLE (Groundball, 5) (infield hit)
Ximena Ortíz to second
Batting: RHB Ken Moore 0-0: Foul Ball, location: 2F
0-1: Ball
1-1: Foul Ball, location: 2F
1-2: Ball
2-2: Ball
3-2: Base on Balls
Ximena Ortíz to third
David Austin to second
Batting: RHB Petri Kallio 0-0: SINGLE (Groundball, 6MD)
Ximena Ortíz scores
David Austin to third
Ken Moore to second
Runner from 3rd tries for Home, SAFE, throw made home
Batting: RHB Cullen Thompson 0-0: Ball
1-0: Foul Ball, location: 2F
1-1: Ball
2-1: Foul Ball, location: 2F
2-2: SINGLE (Groundball, 6) (infield hit)
Ken Moore to third
Petri Kallio to second
Batting: LHB Félix Calixto 0-0: Foul Ball, location: 2F
0-1: Ground out 5-3 (Groundball, 25)
Top of the 10th over - 2 runs, 4 hits, 0 errors, 3 left on base; Columbia 8 - Galesburg 6
BOTTOM OF THE 10TH
Galesburg Guzzlers batting - Pitching for Columbia River Rats : LHP Travis Watson
Now at 3B: José Palma
Batting: LHB Jared Swanson 0-0: Ball
1-0: Ball
2-0: Called Strike
2-1: Ball
3-1: DOUBLE (Line Drive, 9LD)
Batting: RHB Karl Wade 0-0: Ball
1-0: Ball
2-0: Ball
3-0: Called Strike
3-1: Base on Balls
Batting: RHB Manny Diéguez 0-0: Grounds into double play, 4-6-3 (Groundball, 4)
Jared Swanson to third
Batting: RHB Don Pokorski 0-0: Ball
1-0: Foul Ball, location: 2F
1-1: Swinging Strike
1-2: Strikes out looking
Bottom of the 10th over - 0 runs, 1 hit, 0 errors, 1 left on base; Columbia 8 - Galesburg 6
Wednesday, September 19th, 2018 - OOTP Baseball 18.8 Build 76